 Dungeon Crawl Stone Soup version 0.13-b1-54-gfe00c74 (webtiles) character file.

1357 Kae the Arsonist (level 8, -2/41 HPs)
             Began as a Tengu Fire Elementalist on Oct 10, 2013.
             Slain by Malachi's ghost (4 damage)
             ... on Level 6 of the Dungeon.
             The game lasted 00:18:15 (7891 turns).

Kae the Arsonist (Tengu Fire Elementalist)          Turns: 7891, Time: 00:18:16

HP  -2/41        AC  2     Str  9      XL: 8   Next: 40%
MP   0/20        EV 12     Int 18      God:
Gold 188         SH  0     Dex 14      Spells:  4 memorised,  5 levels left

Res.Fire  : . . .   See Invis. : .   o - staff of death
Res.Cold  : . . .   Warding    : .   a - +0 robe
Life Prot.: + . .   Conserve   : .   (no shield)
Res.Poison: .       Res.Corr.  : .   (helmet restricted)
Res.Elec. : .       Clarity    : .   (no cloak)
Sust.Abil.: . .     Spirit.Shd : .   (no gloves)
Res.Mut.  : .       Stasis     : .   (boots unavailable)
Res.Rott. : .       Flight     : .   (no amulet)
Saprovore : . . .                    (no ring)
                                     (no ring)

@: very slightly contaminated, slightly resistant to hostile enchantments,
fairly stealthy
A: able to fly, beak, talons 3
a: Fly


You were on level 6 of the Dungeon.
You were not hungry.

You visited 1 branch of the dungeon, and saw 6 of its levels.

You collected 168 gold pieces.

Inventory:

Missiles
 d - 8 darts (quivered)
 z - 7 darts of frost
Armour
 a - a +0 robe (worn)
 l - a +0 pair of gloves
Magical devices
 x - a wand of confusion (0)
Comestibles
 c - 4 bread rations
 g - a meat ration
 h - a pear
 j - 9 strawberries
 k - 2 chokos
 s - 3 chunks of orc flesh
Scrolls
 f - 4 scrolls of identify {unknown}
 i - 5 scrolls of remove curse {unknown}
 n - a scroll of enchant weapon II {unknown}
 p - a scroll of fear {unknown}
 r - a scroll of enchant weapon I {unknown}
 t - a scroll of fog {unknown}
 u - a scroll of magic mapping {unknown}
 v - a scroll of curse weapon {unknown}
 w - a scroll of recharging {unknown}
 y - a scroll of amnesia {unknown}
Jewellery
 m - an uncursed ring of protection from fire {unknown}
Books
 b - a book of Flames

   Spells                             Type                      Level
   *Flame Tongue                      Conjuration/Fire             1
   *Throw Flame                       Conjuration/Fire             2
   *Conjure Flame                     Conjuration/Fire             3
   Inner Flame                        Hexes/Fire                   3
   *Sticky Flame                      Conjuration/Fire             4
   Fireball                           Conjuration/Fire             5
Magical staves
 o - an uncursed staff of death (weapon)


   Skills:
 - Level 2.1 Dodging
 - Level 2.0 Stealth
 + Level 4.3 Spellcasting
 + Level 6.1 Conjurations
 * Level 8.4 Fire Magic


You had 5 spell levels left.
You knew the following spells:

 Your Spells              Type           Power        Failure   Level  Hunger
a - Flame Tongue          Conj/Fire      ####.        1%          1    None
b - Throw Flame           Conj/Fire      ####..       1%          2    #......
c - Conjure Flame         Conj/Fire      ####....     2%          3    ###....
d - Sticky Flame          Conj/Fire      ####....     10%         4    ####...


Dungeon Overview and Level Annotations

Branches:
Dungeon (6/27)
 Temple: D:4-7          Orc: D:6-11

Altars:
Cheibriados
Elyvilon
Fedhas
Okawaru
Sif Muna
Trog
Yredelemnul

Annotations:
D:6 Malachi's ghost, experienced CeHu


Innate Abilities, Weirdness & Mutations

You can fly.
You have a beak for a mouth.
You have claws for feet.


Message History

Aim: Malachi's ghost (flame, severely damaged)
The flame hits Malachi's ghost.
Malachi's ghost resists.
Malachi's ghost is severely damaged.
Malachi's ghost is engulfed in roaring flames.
Malachi's ghost barely misses you.
Casting: Flame Tongue
Confirm with . or Enter, or press ? or * to list all spells.
Aiming: Flame Tongue
Press: ? - help, Shift-Dir - straight line, f/p - Malachi's ghost
Aim: Malachi's ghost (flame, severely damaged)
The flame hits Malachi's ghost.
Malachi's ghost appears unharmed.
Malachi's ghost is severely damaged.
Malachi's ghost is engulfed in roaring flames.
Malachi's ghost hits you.
* * * LOW HITPOINT WARNING * * *
You hit Malachi's ghost but do no damage.
Malachi's ghost is almost destroyed.
Malachi's ghost is engulfed in roaring flames.
Malachi's ghost hits you.
You die...

#.# #.# #...........#
#(####.#
#.#########.#
#%.....# #.# #.#
#..##### #.# #.# #..#
#.# #.# #..## #.# #.#
#...# #.# ###.#
######..######.#
#...# ##
#...........p@.#
#.### .#
#.####..######## #.#
.# #.# ##..# #.# .#
#.###.#.## #.#
.###.##.###.## #.#
.....#.## ##.## #.#
.)))..## ##.# #.#
######.# ##.##
########.#
#.###.######........#


You could see Malachi's ghost.

Vanquished Creatures
  The ghost of Chiseanne the Ducker, an average DsMo of Okawaru (D:4)
  An ogre (D:6)
  3 centaurs
  Sigmund (D:5)
  Blork the orc (D:4)
  A centaur zombie (D:5)
  A jelly (D:5)
  2 orc priests
  An iguana (D:3)
  4 orc wizards
  2 worker ants (D:4)
  Ijyb (D:4)
  Jessica (D:2)
  A hound zombie (D:5)
  3 gnolls (D:5)
  A worm zombie (D:5)
  8 adders
  A giant mite (D:2)
  2 worms
  2 giant geckos (D:3)
  13 orcs
  A ball python (D:3)
  A bat skeleton (D:4)
  A giant cockroach (D:3)
  A giant mite zombie (D:5)
  16 hobgoblins
  8 jackals
  7 kobolds
  4 training dummies (D:4)
  A ball python skeleton (D:4)
  9 bats
  A giant gecko zombie (D:5)
  5 giant newts
  8 goblins
  A goblin skeleton (D:4)
  A goblin zombie (D:5)
  2 hobgoblin skeletons
  A kobold skeleton (D:3)
  3 quokkas
  10 rats
132 creatures vanquished.

Notes
Turn   | Place    | Note
--------------------------------------------------------------
     0 | D:1      | Kae, the Tengu Fire Elementalist, began the quest for the Orb.
     0 | D:1      | Reached XP level 1. HP: 10/10 MP: 3/3
   323 | D:1      | Reached XP level 2. HP: 15/15 MP: 0/5
  1102 | D:2      | Reached skill level 4 in Fire Magic
  1108 | D:2      | Reached XP level 3. HP: 12/19 MP: 0/7
  1559 | D:2      | Reached XP level 4. HP: 15/24 MP: 0/8
  1878 | D:2      | Learned a level 2 spell: Throw Flame
  1882 | D:2      | Learned a level 3 spell: Conjure Flame
  2027 | D:2      | Noticed Jessica
  2036 | D:2      | Killed Jessica
  2615 | D:3      | Reached skill level 5 in Fire Magic
  2615 | D:3      | Reached XP level 5. HP: 23/28 MP: 4/11
  3503 | D:4      | Found a white marble altar of Elyvilon.
  3504 | D:4      | Found a basalt altar of Yredelemnul.
  3508 | D:4      | Found a deep blue altar of Sif Muna.
  3518 | D:4      | Found an iron altar of Okawaru.
  3718 | D:4      | Found a snail-covered altar of Cheibriados.
  3724 | D:4      | Found a bloodstained altar of Trog.
  3726 | D:4      | Found a blossoming altar of Fedhas.
  3931 | D:4      | Reached XP level 6. HP: 32/32 MP: 6/13
  3987 | D:4      | Learned a level 4 spell: Sticky Flame
  3988 | D:4      | Noticed Blork the orc
  4332 | D:4      | Noticed Ijyb
  4346 | D:4      | Killed Ijyb
  4376 | D:4      | Reached skill level 6 in Fire Magic
  5011 | D:4      | Noticed Chiseanne's ghost (average DsMo)
  5022 | D:4      | Killed Chiseanne's ghost
  5022 | D:4      | Reached XP level 7. HP: 29/36 MP: 5/16
  5381 | D:4      | Killed Blork the orc
  5381 | D:4      | Reached skill level 7 in Fire Magic
  5445 | D:5      | Entered Level 5 of the Dungeon
  5475 | D:5      | Reached skill level 5 in Conjurations
  6083 | D:5      | Noticed Sigmund
  6088 | D:5      | Killed Sigmund
  6088 | D:5      | Reached XP level 8. HP: 41/41 MP: 7/19
  6821 | D:5      | Reached skill level 8 in Fire Magic
  7852 | D:6      | Noticed Malachi's ghost (experienced CeHu)
  7890 | D:6      | HP: 2/41 [Malachi's ghost (5)]
  7891 | D:6      | Slain by Malachi's ghost

Action                   |  1- 3 |  4- 6 |  7- 9 || total
-------------------------+-------+-------+-------++-------
Melee: Unarmed           |    30 |    14 |    53 ||    97
       Staff             |       |       |    65 ||    65
 Cast: Flame Tongue      |    65 |   105 |    80 ||   250
       Throw Flame       |       |    21 |    34 ||    55
       Conjure Flame     |       |     2 |     3 ||     5
       Sticky Flame      |       |     1 |     4 ||     5
Evoke: Wand              |       |       |    14 ||    14
  Use: Potion            |       |     6 |     5 ||    11
       Scroll            |       |     2 |     1 ||     3
 Stab: Invisible         |       |     2 |       ||     2
       Distracted        |       |       |     1 ||     1
       Confused          |       |       |     1 ||     1
